 Dungeon Crawl Stone Soup version 0.28-b1-1-g3c77fb2ed1 (webtiles) character file.

Game seed: 16657023763422311235

480 zeram the Covert (level 7, 0/41 HPs)
             Began as an Octopode Enchanter on Jan 30, 2022.
             Was an Initiate of Gozag.
             Slain by a wyvern zombie (7 damage)
             ... on level 6 of the Dungeon.
             The game lasted 00:06:31 (5392 turns).

zeram the Covert (Octopode Enchanter)               Turns: 5392, Time: 00:06:32

Health: 0/41       AC:  1    Str: 11    XL:     7   Next: 11%
Magic:  19/19      EV: 13    Int: 19    God:    Gozag
Gold:   455        SH:  0    Dex: 14    Spells: 2/10 levels left

rFire   . . .      SeeInvis .   a - +1 dagger (drain)
rCold   + . .      Faith    .   (no shield)
rNeg    . . .      Spirit   .   (helmet restricted)
rPois   .          Reflect  .   (no amulet)
rElec   .          Harm     .   c - ring of Idealism {rC+ rCorr Str+3 Dex+2}
rCorr   +          Rampage  .   d - ring of magical power
Will    .....                   (no ring)
Stlth   +++++.....              (no ring)
HPRegen 0.13/turn               (no ring)
MPRegen 0.16/turn               (no ring)
                                (no ring)
                                (no ring)

@: gold aura
A: almost no armour, amphibious, 8 rings, camouflage 1, gelatinous body 1,
(nimble swimmer 1), tentacles
a: Renounce Religion, Potion Petition, Call Merchant, Bribe Branch


You were on level 6 of the Dungeon.
You worshipped Gozag.
Gozag was aware of your devotion.
You visited 1 branch of the dungeon, and saw 6 of its levels.

You collected 464 gold pieces.
You paid 9 gold pieces to Gozag.

Inventory:

Hand Weapons
 a - a +1 dagger of draining (weapon)
Missiles
 i - 6 poisoned darts (quivered)
Armour
 m - an orb of wrath
Jewellery
 c - the ring of Idealism (left tentacle) {rC+ rCorr Str+3 Dex+2}
   (You acquired it on level 1 of the Dungeon)

   [ring of resist corrosion]

   Str:       It affects your strength (+3).
   Dex:       It affects your dexterity (+2).
   rC:        It protects you from cold.
   rCorr:     It protects you from acid and corrosion.
 d - a ring of magical power (right tentacle)
 e - a ring of resist corrosion
 l - a ring of fire
 q - the ring "Zaniepni" {Ice Str+4 Int-5 SInv}
   (You found it on level 5 of the Dungeon)

   [ring of ice]

   It enhances your ice magic.
   Str:       It affects your strength (+4).
   Int:       It affects your intelligence (-5).
   rF:        It makes you vulnerable to fire.
   rC:        It protects you from cold.
   SInv:      It lets you see invisible.
Scrolls
 g - a scroll of brand weapon
 j - a scroll of fear
 n - a scroll of identify
 p - a scroll of teleportation
Potions
 b - a potion of invisibility
 f - a potion of attraction {unknown}
 h - a potion of flight {unknown}
 k - a potion of might {unknown}
 o - 2 potions of curing {unknown}


   Skills:
 + Level 1.4 Short Blades
 + Level 2.2 Dodging
 + Level 10.4 Stealth
 - Level 2.0 Spellcasting
 + Level 3.5 Hexes


You had 2 spell levels left.
You knew the following spells:

 Your Spells              Type           Power      Damage    Failure   Level
a - Ensorcelled Hibernat  Hex/Ice        16%        N/A       12%         2
b - Tukima's Dance        Hex            15%        N/A       12%         3
c - Dazzling Flash        Conj/Hex       16%        N/A       24%         3

Your spell library contained the following spells:

 Spells                   Type           Power      Damage    Failure   Level
 Confusing Touch          Hex            15%        N/A       12%         3
 Frozen Ramparts          Ice            2%         1d2       45%         3
 Gell's Gravitas          Tloc           1%         N/A       45%         3
 Teleport Other           Tloc           1%         N/A       45%         3
 Ice Form                 Ice/Tmut       1%         N/A       86%         4
 Summon Ice Beast         Ice/Summ       1%         N/A       86%         4
 Dispersal                Tloc           0%         N/A       100%        6


Dungeon Overview and Level Annotations

Branches:
Dungeon (6/15)             Temple (0/1) D:4

Altars:
Gozag


Innate Abilities, Weirdness & Mutations

You cannot wear most types of armour.
You are amphibious.
You can wear up to eight rings at the same time.
Your skin changes colour to match your surroundings (Stealth+).
Your rubbery body absorbs attacks. (AC +1, EV +1)
((You are camouflaged when in or above water. (Stealth+)))
You have tentacles for arms and can constrict up to eight enemies at once.


Message History

A wyvern zombie comes into view.
Found a plate armour.
The helpless adder fails to defend itself.
You stick the adder like a pincushion!!!
You kill the adder!
No target in view!
No target in view!
No target in view!
You see here 7 gold pieces.
The wyvern zombie bites you.
You hit the wyvern zombie.
The wyvern zombie is lightly damaged.
The wyvern zombie bites you.
You barely miss the wyvern zombie. You squeeze the wyvern zombie!
The wyvern zombie is lightly damaged.
The wyvern zombie barely misses you.
You hit the wyvern zombie but do no damage.
The wyvern zombie is lightly damaged.
The wyvern zombie bites you.
A wyvern zombie is nearby!
You completely miss the wyvern zombie. Your squeeze misses the wyvern zombie.
The wyvern zombie is lightly damaged.
The wyvern zombie bites you! The wyvern zombie bites you.
You are too injured to fight recklessly!
You are too injured to fight recklessly!
You are too injured to fight recklessly!
You are too injured to fight recklessly!
You hit the wyvern zombie but do no damage.
The wyvern zombie is lightly damaged.
The wyvern zombie bites you.
You hit the wyvern zombie.
The wyvern zombie is moderately damaged.
The wyvern zombie barely misses you.
You hit the wyvern zombie.
The wyvern zombie is moderately damaged.
The wyvern zombie bites you!
* * * LOW HITPOINT WARNING * * *
The wyvern zombie bites you!
You die...
Your body crumbles into a pile of gold.

###
#######.....#
##....#
#....# #....#
#..###
##..#####
#......#
#.$....#
#.#@...#
#..Z####
##[.. #.#.#
#...# ##...
.. ..#


You could see a wyvern zombie.

Vanquished Creatures
  A scorpion (D:5)
  3 jellies (D:5)
  2 orc priests
  Crazy Yiuf (D:3)
  An iguana (D:5)
  2 orc wizards
  A hound skeleton (D:4)
  A howler monkey zombie (D:6)
  5 adders
  A white imp (D:6)
  A worm (D:4)
  3 dart slugs
  7 orcs
  9 bats
  4 endoplasms
  5 giant cockroaches
  4 goblins
  4 hobgoblins
  5 quokkas
  10 ball pythons
  6 frilled lizards
  3 kobolds
  8 rats
87 creatures vanquished.

Notes
Turn   | Place    | Note
-------+----------+-------------------------------------------
     0 | D:1      | zeram the Octopode Enchanter began the quest for the Orb.
     0 | D:1      | Reached XP level 1. HP: 11/11 MP: 3/3
   466 | D:1      | Noticed a golden eye
   467 | D:1      | Found a faded altar of an unknown god.
   471 | D:1      | Reached XP level 2. HP: 17/17 MP: 5/5
   471 | D:1      | Noticed a floating eye
   471 | D:1      | Noticed a great orb of eyes
   471 | D:1      | Noticed a great orb of eyes
   479 | D:1      | Reached skill level 5 in Stealth
  1149 | D:1      | Identified a scroll of acquirement
  1149 | D:1      | Acquired the ring of Idealism {rC+ rCorr Str+3 Dex+2}
  1176 | D:2      | Reached XP level 3. HP: 21/21 MP: 6/6
  1253 | D:2      | Reached skill level 6 in Stealth
  1559 | D:2      | Learned a level 2 spell: Ensorcelled Hibernation
  1725 | D:2      | Found an opulent altar of Gozag.
  1880 | D:2      | Became a worshipper of Gozag Ym Sagoz the Greedy
  1972 | D:3      | Reached XP level 4. HP: 23/27 MP: 7/7
  2430 | D:3      | Found a runed translucent door.
  2431 | D:3      | Noticed Crazy Yiuf
  2519 | D:3      | Reached skill level 7 in Stealth
  2741 | D:3      | Killed Crazy Yiuf
  3015 | D:4      | Found a staircase to the Ecumenical Temple.
  3054 | D:5      | Entered Level 5 of the Dungeon
  3054 | D:5      | Noticed a scorpion
  3055 | D:5      | Killed a scorpion
  3056 | D:5      | Reached skill level 8 in Stealth
  3056 | D:5      | Reached XP level 5. HP: 13/31 MP: 8/8
  3258 | D:5      | Learned a level 3 spell: Tukima's Dance
  3331 | D:5      | Reached XP level 6. HP: 14/36 MP: 1/9
  3333 | D:5      | Reached skill level 9 in Stealth
  4404 | D:4      | Learned a level 3 spell: Dazzling Flash
  4789 | D:5      | Reached skill level 10 in Stealth
  4855 | D:5      | Identified the ring "Zaniepni" {Ice Str+4 Int-5 SInv}
  5016 | D:5      | Reached XP level 7. HP: 41/41 MP: 10/10
  5392 | D:6      | Slain by a wyvern zombie

Illustrated notes

Levels and vault maps discovered:
D:1:      dpeg_arrival_court, layout_loops_ring,
          hellmonk_ecumenical_altar_watching_god
D:2:      layout_loops_cross, basic_altar, kennysheep_boxes
D:3:      layout_rooms, minmay_close_crescents, uniq_crazy_yiuf_cottage
D:4:      cheibrodos_pilgrimage, layout_basic, temple_green,
          serial_co_window_serial, co_window_paths_a,
          co_window_of_opportunity_a, co_window_of_opportunity_a,
          co_window_paths_b, co_window_paths_a, co_window_corner_ca,
          co_window_corner_cb, co_window_2corner, co_window_broadway_a,
          co_window_cross_2, co_window_of_opportunity_c, co_window_corner_cb,
          glass_columns_b, glass_columns_c, glass_columns_b, glass_columns_b,
          glass_columns_a
D:5:      layout_loops_ring, minmay_misc_feat_iff
D:6:      layout_basic, uniq_eustachio

Skill      XL: |  1  2  3  4  5  6 |
---------------+-------------------+-----
Stealth        | 5 6 8 10 | 10.4
Short Blades   | |  1.4
Dodging        | |  2.2
Spellcasting   | |  2.0
Hexes          | |  3.5

Action                   |  1- 3 |  4- 6 |  7- 9 || total
-------------------------+-------+-------+-------++-------
Melee: Dagger            |    67 |    85 |    11 ||   163
       Tentacles         |    13 |    18 |     3 ||    34
       Constrict         |    11 |    17 |     1 ||    29
 Cast: Ensorcelled Hiber |       |    10 |       ||    10
  Use: Scroll            |     3 |     7 |     1 ||    11
       Potion            |       |     2 |       ||     2
 Stab: Sleeping          |    20 |    18 |     2 ||    40
Armor: Skin              |     1 |     7 |       ||     8
Dodge: Dodged            |    28 |    43 |     2 ||    73
